 Dungeon Crawl Stone Soup version 0.19-a0-1368-g41a3d51 (webtiles) character file.

182 LORDOFBUTT the Shield-Bearer (level 5, 0/42 HPs)
             Began as a Formicid Fighter on Sept 2, 2016.
             Was an Initiate of Qazlal.
             Slain by an orc (1 damage)
             ... on level 4 of the Dungeon.
             The game lasted 00:03:25 (2160 turns).

LORDOFBUTT the Shield-Bearer (Formicid Fighter)     Turns: 2160, Time: 00:03:26

Health: 0/42       AC:  8    Str: 21    XL:     5   Next: 93%
Magic:  5/5        EV:  9    Int:  7    God:    Qazlal [......]
Gold:   154        SH: 10    Dex: 11    Spells: 0 memorised, 4 levels left

rFire  . . .     SeeInvis +     a - +0 war axe
rCold  + . .     Gourm    .     b - +0 scale mail
rNeg   . . .     Faith    .     c - +0 shield
rPois  .         Spirit   .     (helmet unavailable)
rElec  .         Dismiss  .     h - +0 cloak (curse)
rCorr  .         Reflect  .     (no gloves)
MR     .....     Harm     .     (no boots)
Stlth  ..........               (no amulet)
                                (no ring)
                                u - ring of protection from cold

@: no status effects
A: permanent stasis, dig shafts and tunnels, four strong arms, antennae 3
a: Dig, Shaft Self, Renounce Religion


You were on level 4 of the Dungeon.
You worshipped Qazlal.
Qazlal was noncommittal.
You were not hungry.

You visited 1 branch of the dungeon, and saw 5 of its levels.

You collected 154 gold pieces.

Inventory:

Hand Weapons
 a - a +0 war axe (weapon)
Armour
 b - a +0 scale mail (worn)
 c - a +0 shield (worn)
 h - a cursed +0 cloak (worn)
Jewellery
 r - an uncursed amulet of magic regeneration {unknown}
 u - a ring of protection from cold (left hand)
 w - a cursed ring of protection from cold
 y - a +2 ring of strength {unknown}
Wands
 q - a wand of paralysis (16/24)
Scrolls
 d - 3 scrolls of remove curse {unknown}
 e - a scroll of recharging {unknown}
 j - a scroll of amnesia {unknown}
 k - 3 scrolls of identify {unknown}
 l - a scroll of immolation {unknown}
 n - a scroll of fear {unknown}
 o - a scroll of magic mapping {unknown}
 s - a scroll of enchant weapon {unknown}
 x - 3 scrolls of teleportation {unknown}
 B - a scroll of fog {unknown}
Potions
 g - a potion of haste {unknown}
 i - 2 potions of magic {unknown}
 t - 2 potions of heal wounds {unknown}
 v - a potion of agility {unknown}
 C - a potion of invisibility {unknown}
 D - a potion of curing
Comestibles
 f - 4 bread rations
 m - 2 beef jerkies
 p - a meat ration
 z - 5 fruits
 A - a slice of pizza


   Skills:
 + Level 3.9 Fighting
 + Level 2.6 Axes
 + Level 4.4 Armour
 + Level 1.8 Dodging
 + Level 4.8 Shields


You had 4 spell levels left.
You didn't know any spells.

Dungeon Overview and Level Annotations

Branches:
Dungeon (5/15)
 Temple: D:4-7

Altars:
Qazlal
Yredelemnul


Innate Abilities, Weirdness & Mutations

You are under a permanent stasis effect.
You can dig through walls and to a lower floor.
Your four strong arms can wield two-handed weapons with a shield.
You have a pair of large antennae on your head. (SInv)


Message History

The orc is lightly wounded.
You slash the orc priest! You closely miss the orc. You hit the orc priest.
The orc priest hits you but does no damage.
The orc priest calls upon Beogh to heal the orc.
The orc's wounds heal themselves!
The orc hits you but does no damage. You block the orc's attack.
You slash the orc priest!
You kill the orc priest!
Qazlal accepts your kill.
You closely miss the orc.
You hit the orc priest but do no damage.
You barely miss the orc. You hit the orc but do no damage.
The orc priest hits you but does no damage.
The orc hits you. The orc barely misses you. The orc hits you with a dagger.
* * * LOW HITPOINT WARNING * * *
The orc priest mumbles some strange prayers to Beogh against you.
Pain shoots through your body!
* * * LOW HITPOINT WARNING * * *
You block the orc priest's attack. The orc hits you.
You die...

.....####..#
#..........###
#.............
.............
............
##.oo.......
##..o)o......
#...o@o......
#...o........
##......(....
#...>.....[.
#...?........
#.#...(......
...##.........
... ###.......
.. ###....


You could see 2 orc priests and 5 orcs.

Vanquished Creatures
  An orc priest (D:4)
  2 hounds (D:5)
  Jessica (D:2)
  An adder (D:3)
  An ooze (D:4)
  3 dart slugs
  A giant gecko (D:1)
  4 orcs
  2 giant cockroaches
  6 goblins
  5 hobgoblins
  2 kobolds (D:1)
  A quokka (D:2)
  11 bats
  A quokka skeleton (D:5)
  6 rats
48 creatures vanquished.

Notes
Turn   | Place    | Note
-------+----------+-------------------------------------------
     0 | D:1      | LORDOFBUTT the Formicid Fighter began the quest for the Orb.
     0 | D:1      | Reached XP level 1. HP: 18/18 MP: 1/1
    82 | D:1      | Reached XP level 2. HP: 20/24 MP: 2/2
   232 | D:1      | Reached XP level 3. HP: 28/30 MP: 3/3
   550 | D:2      | Found a basalt altar of Yredelemnul.
   550 | D:2      | Noticed Jessica
   568 | D:2      | Reached skill level 1 in Dodging
   579 | D:2      | Killed Jessica
   579 | D:2      | Reached XP level 4. HP: 6/37 MP: 4/4
  1579 | D:3      | You fall through a shaft for 2 floors!
  1579 | D:5      | Entered Level 5 of the Dungeon
  1607 | D:5      | Found a stormy altar of Qazlal.
  1607 | D:5      | Noticed a water elemental
  1608 | D:5      | Noticed an air elemental
  1608 | D:5      | Noticed an earth elemental
  1608 | D:5      | Noticed a fire elemental
  1693 | D:5      | Reached XP level 5. HP: 19/42 MP: 5/5
  2121 | D:5      | Became a worshipper of Qazlal Stormbringer
  2160 | D:4      | HP: 1/42 [orc priest/nerve-wracking pain (7)]
  2160 | D:4      | Slain by an orc

Vault maps used:
D:1:      moated_graveyard_arrival, serial_bayou_pond_e
D:2:      first_bread, minmay_misc_feat_four_crosses, yredelemnul_altar_generic,
          uniq_jessica
D:3:      gup_sewer_entry_spiral
D:5:      nicolae_qazlal_style_of_elements

Skill      XL: |  1  2  3 |
---------------+----------+-----
Shields        | 4 |  4.8
Dodging        | 1 |  1.8
Armour         | 4 |  4.4
Fighting       | |  3.9
Axes           | |  2.6

Action                   |  1- 3 |  4- 6 || total
-------------------------+-------+-------++-------
Melee: War axe           |   116 |    67 ||   183
  Use: Potion            |     1 |       ||     1
  Eat: Chunk             |       |     4 ||     4
Armor: Scale mail        |    61 |    31 ||    92
Dodge: Dodged            |    55 |    35 ||    90
Block: Shield            |    94 |    29 ||   123
